 Dungeon Crawl Stone Soup version 0.29.1-1-gd02db6906a (webtiles) character file.

Game seed: 9268742185981658759

164 dave1331 the Chopper (level 5, -1/42 HPs)
             Began as a Hill Orc Fighter on Oct 2, 2022.
             Killed by divine providence
             ... invoked by an orc priest
              (15 damage)
             ... on level 3 of the Dungeon.
             The game lasted 00:06:33 (2210 turns).

dave1331 the Chopper (Hill Orc Fighter)             Turns: 2210, Time: 00:06:33

Health: -1/42      AC: 13    Str: 23 (25) XL:     5   Next: 45%
Magic:  5/5        EV:  6    Int:  6 (7)  God:
Gold:   108        SH:  4    Dex:  6 (9)  Spells: 4/4 levels left

rFire   . . .      SeeInvis .   a - +0 war axe
rCold   . . .      Faith    .   c - +0 buckler
rNeg    . . .      Spirit   .   f - +0 plate armour
rPois   .          Reflect  .   (no helmet)
rElec   .          Harm     .   (no cloak)
rCorr   .          Rampage  .   q - +0 pair of gloves
Will    .....      Rnd*Tele +   (no boots)
Stlth   ..........              (no amulet)
HPRegen 0.14/turn               (no ring)
MPRegen 0.09/turn               (no ring)

@: no status effects
A: frail 1, strong 1, teleportitis 1
a: Convert to Beogh


You were on level 3 of the Dungeon.
You visited 1 branch of the dungeon, and saw 3 of its levels.

You collected 108 gold pieces.

Inventory:

Hand Weapons
 a - a +0 war axe (weapon)
Armour
 b - a +0 scale mail
 c - a +0 buckler (worn)
 f - a +0 plate armour (worn)
 q - a +0 pair of gloves (worn)
Scrolls
 h - 2 scrolls of identify
 j - a scroll of fear
Potions
 d - 2 potions of might
 e - 2 potions of heal wounds
 g - a potion of magic {unknown}
 k - a potion of degeneration
 l - a potion of mutation


   Skills:
 + Level 4.6 Fighting
 + Level 5.2 Axes
 + Level 4.2 Armour
 + Level 3.8 Shields


You had 4 spell levels left.
You didn't know any spells.
Your spell library contained the following spells:

 Spells                   Type           Power      Damage    Failure   Level
 Slow                     Hex            0%         N/A       100%        1
 Call Canine Familiar     Summ           0%         N/A       100%        3
 Confusing Touch          Hex            0%         N/A       100%        3
 Portal Projectile        Hex/Tloc       0%         N/A       100%        3
 Vampiric Draining        Necr           0%         2d6       100%        3
 Leda's Liquefaction      Hex/Erth       0%         N/A       100%        4


Dungeon Overview and Level Annotations

Branches:
Dungeon (3/15)

Altars:

Annotations:
D:3 1 transporter, Fractals's ghost, amateur TeCj


Innate Abilities, Weirdness & Mutations

You are frail. (-10% HP)
Your muscles are strong. (Str +4, Int/Dex -1)
You are occasionally teleported next to monsters.


Message History

The orc shouts!
You hear a shout!
A hobgoblin comes into view.
The hobgoblin shouts!
The orc hits you with a +0 short sword.
You closely miss the orc. The orc hits you but does no damage.
You closely miss the orc. The orc hits you with a +0 short sword.
You hit the orc.
The orc is severely wounded.
The orc hits you with a +0 short sword. x2; You block the hobgoblin's attack.
You barely miss the orc.
The orc is severely wounded.
You slash the hobgoblin!
You kill the hobgoblin!
The orc hits you with a +0 short sword.
You barely miss the orc.
The orc is severely wounded.
The orc hits you but does no damage.
You barely miss the orc.
The orc is severely wounded.
The orc hits you but does no damage. x2
You closely miss the orc.
The orc is severely wounded.
The orc hits you but does no damage.
You slash the orc!
You kill the orc!
Things that are here:
a +0 short sword; an orc corpse The orc shouts!
You hear a shout!
An orc priest comes into view. It is wielding a +0 club.
The orc priest shouts, "Beogh is our master!
Accept the truth or die!" (press Y on the ability menu to convert to Beogh)
The orc priest shouts!
An orc priest comes into view. It is wielding a +0 mace.
The orc priest invokes the aid of Beogh against you.
Beogh smites you!
The orc priest calls down the wrath of Beogh upon you.
Beogh smites you!
The orc priest invokes the aid of Beogh against you.
Beogh smites you!
You die...

.....#............)...†....
......#.................)..
#####'##...................
.......##)†.....(..........
≈≈≈≈................)......
...§......#........####.©.#
♣♣.≈........†....### #####
...≈............## 555..
.♣o≈......@.....# ###=..
♣.≈....|.....#.# ..#.
♣§§§............# .©..
...§§....#....#..#..
≈§≈§§....#....#..# ...
....o#.###....#..# ..
...o.#. #........ # .....##
#........


You could see 2 orc priests.

Vanquished Creatures
  Natasha (thrice) (D:2)
  4 adders
  An orc (D:3)
  A ball python (D:1)
  5 endoplasms
  6 giant cockroaches
  5 goblins
  5 hobgoblins
  2 jackals (D:2)
  3 quokkas (D:2)
  3 bats (D:2)
  A frilled lizard (D:2)
  7 kobolds
  4 rats
50 creatures vanquished.

Notes
Turn   | Place    | Note
-------+----------+-------------------------------------------
     0 | D:1      | dave1331 the Hill Orc Fighter began the quest for the Orb.
     0 | D:1      | Reached XP level 1. HP: 19/19 MP: 1/1
    48 | D:1      | Found a faded altar of an unknown god.
    90 | D:1      | Reached XP level 2. HP: 25/27 MP: 2/2
   308 | D:1      | Reached skill level 3 in Axes
   723 | D:2      | Reached XP level 3. HP: 27/33 MP: 3/3
  1085 | D:2      | Reached XP level 4. HP: 41/41 MP: 4/4
  1217 | D:2      | Reached skill level 4 in Axes
  1230 | D:2      | Noticed Natasha
  1242 | D:2      | Killed Natasha
  1391 | D:2      | Noticed Natasha
  1400 | D:2      | Killed Natasha
  1401 | D:2      | Reached skill level 5 in Axes
  1401 | D:2      | Reached XP level 5. HP: 30/47 MP: 5/5
  1726 | D:2      | Noticed Natasha
  1742 | D:2      | Killed Natasha
  1935 | D:2      | Gained mutation: You are occasionally teleported next to
                  | monsters. [potion of mutation]
  1935 | D:2      | Gained mutation: You are frail. (-10% HP) [potion of
                  | mutation]
  1935 | D:2      | Gained mutation: Your muscles are strong. (Str +4, Int/Dex
                  | -1) [potion of mutation]
  2039 | D:3      | Found a transporter.
  2068 | D:3      | Noticed Fractals's ghost (amateur TeCj)
  2210 | D:3      | Killed from afar by an orc priest

Illustrated notes

Levels and vault maps discovered:
D:1:      dpeg_arrival_long_road, layout_rooms,
          chequers_ecumenical_altar_simple, nrook_campfire, serial_bayou_ford_a
D:2:      layout_basic, uniq_natasha
D:3:      layout_basic, mainiacjoe_overflow_brackets,
          gammafunk_ghost_stat_death, hex_large

Skill      XL: |  1  2  3  4  5 |
---------------+----------------+-----
Axes           | 3 5 |  5.2
Fighting       | 4 |  4.6
Armour         | 4 |  4.2
Shields        | |  3.8

Action                   |  1- 3 |  4- 6 || total
-------------------------+-------+-------++-------
Melee: War axe           |    87 |    78 ||   165
  Use: Scroll            |     3 |     4 ||     7
       Potion            |       |     4 ||     4
Armor: Plate armour      |    74 |    67 ||   141
Dodge: Dodged            |    28 |    25 ||    53
Block: Buckler           |    22 |    32 ||    54
